Map: Zen LE

Players

antagomiR - Winner!

  • Race: Protoss Protoss
  • League: Gold
  • Spawn Location: 7:00

coaliz

  • Race: Terran Terran
  • League: Silver
  • Spawn Location: 1:00

VOD

Have the link to the VOD?

Description

Time

  • Played on: April 9, 2020, 11:13 p.m.
  • Length: 15:17
Show
View Real Time Build Order
Export as new Build Order

antagomiR Protoss - Winner!

Build Orders:  

Get SALT Encoding   

  12  0:01  Probe  
  13  0:13  Probe  
  14  0:18  Pylon  
  14  0:25  Probe  
  15  0:38  Gateway  
  15  0:39  Probe  
  16  0:51  Probe  
  16  0:54  Assimilator  
  17  1:03  Probe  
  18  1:15  Probe  
  18  1:18  Assimilator  
  19  1:27  Probe  
  19  1:28  Cybernetics Core  
  20  1:39  Probe  
  21  1:51  Pylon  
  21  1:52  Probe  
  21  2:02  Warp Gate (Chrono Boost)  
  21  2:04  Probe  
  22  2:16  Probe  
  22  2:18  Stalker (Chrono Boost)  
  25  2:28  Probe  
  26  2:36  Nexus  
  26  2:39  Pylon  
  26  2:40  Probe  
  26  2:52  Probe  
  27  2:59  Robotics Facility  
  27  3:04  Probe  
  28  3:05  Stalker (Chrono Boost)  
  30  3:19  Gateway x2  
  30  3:21  Probe  
  31  3:30  Shield Battery  
  31  3:33  Probe  
  32  3:45  Probe  
  33  3:50  Probe  
  33  3:54  Sentry  
  36  3:57  Probe  
  36  4:02  Probe  
  38  4:05  Observer  
  38  4:09  Probe  
  40  4:14  Probe  
  41  4:21  Probe  
  41  4:24  Robotics Bay  
  42  4:26  Probe, Immortal  
  42  4:27  Sentry  
  49  4:33  Probe, Pylon  
  49  4:37  Sentry  
  52  4:41  Probe  
  53  4:46  Probe, Assimilator  
  53  4:51  Assimilator  
  54  4:53  Probe  
  54  4:58  Probe  
  56  5:05  Probe, Observer  
  56  5:06  Pylon  
  58  5:10  Probe  
  58  5:13  Twilight Council  
  59  5:17  Probe  
  59  5:19  Phoenix  
  60  5:22  Zealot  
  60  5:25  Probe  
  63  5:29  Probe  
  63  5:33  Stalker  
  63  5:34  Stalker  
  68  5:37  Probe  
  69  5:50  Probe  
  69  5:51  Charge (Chrono Boost)  
  70  6:06  Pylon  
  70  6:09  Forge  
  70  6:23  Colossus  
  70  6:24  Probe x2  
  78  6:27  Gateway  
  78  6:29  Gateway x2  
  78  6:51  Protoss Ground Weapons Level 1 (Chrono Boost)  
  78  6:54  Probe x2  
  70  7:07  Probe x2  
  72  7:15  Extended Thermal Lance (Chrono Boost)  
  72  7:19  Probe x2  
  72  7:22  Pylon  
  74  7:25  Pylon  
  74  7:29  Pylon  
  74  7:30  Phoenix  
  74  7:31  Pylon  
  74  7:36  Probe x2  
  76  7:39  Pylon  
  76  7:40  Colossus  
  76  7:41  Zealot x2  
  86  7:48  Probe x2, Nexus  
  88  7:52  Pylon  
  88  7:54  Pylon  
  88  8:12  Shield Battery  
  82  8:15  Stalker x3  
  82  8:16  Stalker  
  90  8:33  Colossus  
  96  8:42  Zealot x5  
  96  8:43  Zealot  
  86  9:07  Probe  
  86  9:08  Probe x2  
  89  9:17  Stalker x3  
  89  9:19  Probe  
  89  9:20  Probe x2  
  89  9:22  Stalker x3  
  104  9:27  Colossus  
  110  9:32  Probe x3  
  110  9:35  Assimilator  
  110  9:36  Protoss Ground Weapons Level 2 (Chrono Boost)  
  110  9:37  Assimilator  
  113  9:42  Pylon, Shield Battery  
  113  9:44  Probe  
  114  9:50  Robotics Facility  
  114  9:52  Pylon  
  114  9:54  Pylon  
  114  9:57  Pylon  
  114  9:58  Probe x3  
  117  10:01  Sentry x3  
  123  10:10  Probe  
  124  10:20  Colossus  
  130  10:44  Gateway  
  130  10:47  Gateway  
  130  10:53  Gateway  
  130  10:55  Gateway  
  130  10:58  Gateway  
  130  11:02  Gateway  
  130  11:05  Warp Prism  
  132  11:12  Zealot x5  
  132  11:13  Zealot  
  132  11:14  Colossus  
  150  11:21  Nexus  
  150  11:24  Pylon  
  150  11:27  Pylon  
  150  11:37  Probe x2  
  150  11:38  Probe  
  153  11:41  Disruptor  
  156  12:02  Stalker  
  156  12:04  Zealot  
  156  12:05  Zealot x2  
  164  12:14  Pylon  
  164  12:16  Pylon  
  164  12:20  Pylon  
  164  12:40  Shield Battery  
  164  12:41  Shield Battery  
  164  12:43  Photon Cannon  
  164  12:45  Photon Cannon  
  125  13:12  Stalker x3  
  129  13:13  Zealot x6  
  129  13:14  Zealot x3  
  147  13:39  Pylon  
  147  13:41  Probe x3, Assimilator  
  150  13:44  Pylon  
  150  13:46  Assimilator  
  150  13:52  Pylon  
  150  14:07  Zealot x2  
  150  14:08  Zealot x4  
  150  14:09  Zealot  
  157  14:14  Stargate  
  153  14:17  Stargate  
  153  14:20  Stargate  
  153  14:25  Photon Cannon  
  153  14:44  Stalker x4  
  153  14:45  Stalker x5  
  169  14:46  Stalker x3  
Show
View Real Time Build Order
Export as new Build Order

coaliz Terran 

Build Orders: Reaper Expand 

Get SALT Encoding   

  12  0:01  SCV  
  13  0:13  SCV  
  14  0:18  Supply Depot  
  14  0:25  SCV  
  15  0:40  SCV  
  15  0:41  Barracks  
  16  0:45  Refinery  
  16  0:52  SCV  
  17  1:04  SCV  
  18  1:19  Supply Depot  
  18  1:32  Reaper  
  19  1:33  Orbital Command  
  19  1:50  Refinery  
  19  1:54  Barracks  
  19  2:06  Barracks Reactor  
  19  2:27  Command Center  
  19  2:46  Marine  
  19  2:47  Barracks Tech Lab  
  20  3:02  Factory, Supply Depot  
  20  3:03  Marine  
  20  3:04  Marine  
  22  3:20  Engineering Bay  
  22  3:22  Marine  
  22  3:23  Marine  
  22  3:24  Marauder  
  26  3:30  Stimpack  
  26  3:42  Bunker  
  25  4:01  SCV  
  26  4:04  Starport  
  26  4:07  Orbital Command  
  26  4:09  Marine  
  27  4:13  SCV  
  28  4:26  Missile Turret  
  28  4:29  Missile Turret  
  28  4:33  Terran Infantry Weapons Level 1  
  28  4:36  SCV  
  29  4:43  Marine x2  
  31  4:47  Widow Mine  
  33  4:57  Supply Depot, Widow Mine  
  33  4:58  SCV  
  36  5:01  Missile Turret, Barracks Tech Lab  
  36  5:05  SCV  
  37  5:10  SCV  
  38  5:17  SCV  
  39  5:22  SCV  
  39  5:23  Refinery  
  39  5:24  Medivac  
  42  5:29  SCV  
  42  5:31  Marine x2  
  42  5:34  SCV  
  46  5:41  SCV  
  47  5:43  Refinery  
  47  5:46  SCV  
  48  5:54  SCV  
  49  5:58  SCV  
  50  6:14  Siege Tank  
  50  6:15  Marine  
  50  6:16  Marauder  
  50  6:17  Viking  
  58  6:33  Marine  
  58  6:37  Marauder  
  61  6:43  SCV  
  62  7:17  Supply Depot  
  62  7:35  Command Center  
  62  7:36  Supply Depot  
  62  7:38  Marine  
  62  7:39  SCV x2, Marauder, Siege Tank  
  70  7:52  Supply Depot  
  70  7:54  Barracks  
  70  7:57  SCV  
  71  7:58  Supply Depot  
  71  8:00  Marauder  
  72  8:11  Siege Tank  
  70  8:18  Marine  
  70  8:19  SCV  
  72  8:21  Marine  
  72  8:24  Supply Depot  
  73  8:32  Barracks  
  73  8:36  Marine, Terran Infantry Armor Level 1  
  73  8:39  Armory  
  73  8:40  Marauder  
  76  8:43  Widow Mine  
  78  8:54  Marine  
  75  9:01  Marauder  
  53  9:12  Marine, Planetary Fortress  
  53  9:13  Marine  
  55  9:17  SCV  
  55  9:22  Barracks, Marauder  
  58  9:25  Supply Depot, Barracks Tech Lab  
  58  9:31  Marine  
  59  9:34  SCV x2  
  61  9:41  Bunker  
  61  9:44  Marine, Marauder  
  61  9:45  Marauder  
  66  9:46  SCV  
  68  9:54  Barracks Reactor  
  68  9:56  Fusion Core  
  68  9:58  SCV  
  68  9:59  SCV  
  69  10:00  SCV  
  69  10:02  Marine  
  69  10:05  Marauder  
  69  10:06  Refinery, Marauder  
  77  10:09  Marine  
  77  10:10  SCV  
  77  10:14  Viking  
  77  10:20  Marine  
  77  10:21  Starport  
  80  10:22  SCV  
  80  10:26  Barracks, Marauder  
  80  10:27  Marine  
  80  10:28  Marauder  
  86  10:34  SCV  
  86  10:35  Sensor Tower  
  87  10:38  Marine  
  87  10:40  SCV  
  87  10:41  SCV  
  90  10:45  Refinery  
  90  10:47  Marine  
  90  10:49  Marauder  
  93  10:51  Terran Infantry Weapons Level 2  
  93  10:57  Engineering Bay  
  93  11:06  Marauder  
  93  11:07  Siege Tank  
  93  11:11  Missile Turret  
  98  11:17  SCV, Marine  
  98  11:18  Marauder  
  102  11:19  SCV  
  103  11:26  Starport Tech Lab x2  
  103  11:29  SCV  
  103  11:31  Command Center  
  104  11:33  Barracks Tech Lab  
  104  11:34  Weapon Refit  
  104  11:36  Starport  
  104  11:39  Marine x2, Marauder  
  110  11:40  Marauder  
  110  11:41  SCV  
  110  11:42  Marine, Widow Mine  
  110  11:43  Marine  
  115  11:55  SCV x2, Sensor Tower  
  115  11:57  Marine x2, Command Center  
  115  12:00  Marine  
  115  12:01  Marauder x2  
  124  12:03  SCV  
  125  12:15  Bunker  
  125  12:26  Missile Turret  
  125  12:27  Supply Depot  
  125  12:43  Marine, SCV, Widow Mine, Marauder x2  
  133  12:46  Missile Turret  
  119  13:05  Marauder  
  106  13:07  Missile Turret  
  105  13:13  Marine  
  105  13:14  Marine, Marauder  
  105  13:15  Medivac  
  111  13:25  SCV  
  111  13:26  Marauder  
  114  13:31  Marine x2  
  114  13:32  Marine, Marauder  
  119  13:35  Marine  
  119  13:36  Marauder  
  122  13:42  Siege Tank  
  122  13:46  Refinery  
  122  13:47  Marauder  
  127  13:49  Marine  
  127  13:52  Missile Turret  
  127  13:53  Refinery, Marauder  
  130  13:57  Marauder  
  132  14:06  Marine x2  
  132  14:09  Marauder  
  135  14:15  Marauder  
  131  14:43  Siege Tank  
  134  14:48  Starport Tech Lab  
Tags
 
Matchup
PvT
Replay Pack
20200422
Spawn Locations
Cross Positions
Add a new tag
Caveats
  • Supply blocks, unpowered buildings, or Contaminate may cause inaccurate times.
  • Supply counts are checked every 10 seconds.